 Seeded DCSS version 0.29.1-13-g9f3cf754e1 (webtiles) character file.

Game seed: 15238952690031473578 (custom seed)

146 GigaChad the Trooper (level 5, -8/47 HPs)
             Began as a Minotaur Fighter on Jan 19, 2023.
             Mangled by Edmund
             ... wielding a +2 vorpal dire flail
              (13 damage)
             ... on level 4 of the Dungeon.
             The game lasted 00:03:59 (2166 turns).

GigaChad the Trooper (Minotaur Fighter)             Turns: 2166, Time: 00:04:00

Health: -8/47      AC:  7    Str: 22    XL:     5   Next: 7%
Magic:  4/4        EV:  9    Int:  5    God:
Gold:   913        SH:  4    Dex: 10    Spells: 4/4 levels left

rFire   . . .      SeeInvis .   a - +1 war axe
rCold   . . .      Faith    .   c - +0 buckler
rNeg    . . .      Spirit   .   b - +0 scale mail
rPois   +          Reflect  .   (helmet restricted)
rElec   .          Harm     .   (no cloak)
rCorr   .          Rampage  .   (no gloves)
Will    +....                   (no boots)
Stlth   ..........              (no amulet)
HPRegen 0.15/turn               g - ring of willpower
MPRegen 0.09/turn               h - ring of poison resistance

@: no status effects
A: horns 2, retaliatory headbutt
a: no special abilities


You were on level 4 of the Dungeon.
You visited 1 branch of the dungeon, and saw 4 of its levels.

You collected 1018 gold pieces.
You spent 105 gold pieces at shops.

Inventory:

Hand Weapons
 a - a +1 war axe (weapon)
Missiles
 l - a throwing net (quivered)
Armour
 b - a +0 scale mail (worn)
 c - a +0 buckler (worn)
Jewellery
 g - a ring of willpower (left hand)
 h - a ring of poison resistance (right hand)
 i - a ring of magical power
Wands
 n - a wand of polymorph (11)
Scrolls
 e - 3 scrolls of identify
Potions
 d - a potion of might
 f - 4 potions of haste
 j - 3 potions of curing {unknown}
 k - a potion of lignification {unknown}
 m - a potion of magic {unknown}
 o - a potion of degeneration {unknown}


   Skills:
 + Level 4.6 Fighting
 + Level 4.1 Axes
 + Level 4.5 Armour
 + Level 0.2 Dodging
 + Level 0.3 Stealth
 + Level 4.4 Shields


You had 4 spell levels left.
You didn't know any spells.
Your spell library was empty.

Dungeon Overview and Level Annotations

Branches:
Dungeon (4/15)
 Temple: D:4-7

Altars:
Cheibriados
Gozag
Qazlal
Ru
Vehumet

Shops:
D:3 ?

Annotations:
D:4 Edmund


Innate Abilities, Weirdness & Mutations

You have a pair of horns on your head.
You reflexively headbutt those who attack you in melee.


Message History

Done exploring.
There is a stone staircase leading up here.
There is a stone staircase leading down here.
You climb downwards.
Edmund shouts!
The adder hisses angrily.
You hear a shout!
Found a runed hand axe.
Found a stone staircase leading up.
There is a stone staircase leading up here.
You barely miss the adder. The adder closely misses you.
A goblin comes into view. It is wielding a +0 dagger.
You hit the adder.
The adder is heavily wounded.
You block the adder's attack. The adder bites you.
A ball python comes into view.
You closely miss the adder.
The adder is heavily wounded.
The ball python hisses angrily.
You block the adder's attack. The adder bites you but does no damage.
You slash the adder!
You kill the adder!
You hit Edmund but do no damage.
Edmund hits you with a +2 vorpal dire flail!
Edmund hits you with a +2 vorpal dire flail.
You have reached level 5!
You hit Edmund but do no damage.
Edmund hits you with a +2 vorpal dire flail!
The ball python closely misses you. You furiously retaliate!
You headbutt the ball python!
You kill the ball python!
You hit Edmund but do no damage. You headbutt Edmund!
Edmund is moderately wounded.
Edmund hits you with a +2 vorpal dire flail.
* * * LOW HITPOINT WARNING * * *
x2 The goblin hits you but does no damage.
Edmund hits you with a +2 vorpal dire flail.
* * * LOW HITPOINT WARNING * * *
x2 The goblin closely misses you.
You furiously retaliate!
You headbutt the goblin!
You kill the goblin!
Edmund hits you with a +2 vorpal dire flail!
You die...

# # . . #.
.# #. #.
#.###.
#####)...
....<.).#
#...@@#
#......#
#......#
#.......
.........
##.......#
#..###..#
#.. #...


You could see Edmund.

Vanquished Creatures
  Terence (D:2)
  7 adders
  A worm (D:3)
  2 dart slugs (D:3)
  An orc (D:3)
  2 endoplasms (D:3)
  2 giant cockroaches
  8 goblins
  4 hobgoblins
  6 jackals
  6 kobolds
  2 quokkas
  4 ball pythons
  A bat (D:2)
  2 frilled lizards
  A rat (D:1)
50 creatures vanquished.

Vanquished Creatures (others)
  3 plants (D:3)
3 creatures vanquished.

Grand Total: 53 creatures vanquished

Notes
Turn   | Place    | Note
-------+----------+-------------------------------------------
     0 | D:1      | GigaChad the Minotaur Fighter began the quest for the Orb.
     0 | D:1      | Reached XP level 1. HP: 19/19 MP: 0/0
   444 | D:1      | Reached XP level 2. HP: 27/27 MP: 1/1
   477 | D:1      | Found a faded altar of an unknown god.
   769 | D:2      | Identified the +1 chain mail "Ynnyax" {rPois rF+ rC++
                  | Dex-3}
   962 | D:2      | Reached XP level 3. HP: 28/33 MP: 2/2
  1043 | D:2      | Noticed Terence
  1050 | D:2      | Killed Terence
  1281 | D:2      | Reached XP level 4. HP: 40/40 MP: 3/3
  1470 | D:3      | Found a snail-covered altar of Cheibriados.
  1588 | D:3      | Found a radiant altar of Vehumet.
  1645 | D:3      | Found an opulent altar of Gozag.
  1647 | D:3      | Identified a scroll of acquirement
  1647 | D:3      | Acquired 882 gold pieces
  1650 | D:3      | Found a stormy altar of Qazlal.
  1656 | D:3      | Found a sacrificial altar of Ru.
  1779 | D:3      | Found Nomicomp's Magic Scroll Shoppe.
  1792 | D:3      | Bought a scroll of enchant weapon for 105 gold pieces
  2159 | D:4      | Noticed Edmund
  2164 | D:4      | Reached XP level 5. HP: 26/47 MP: 4/4
  2166 | D:4      | Mangled by Edmund

Illustrated notes

Levels and vault maps discovered:
D:1:      evilmike_arrival_fibonacci_small, layout_loops_ring,
          ebering_ecumenical_altar_rust
D:2:      layout_basic, uniq_terence
D:3:      layout_basic, minitemple, mainiacjoe_overflow_catwalk_spiral,
          serial_shops, shop, serial_bayou, serial_bayou_pond_d,
          serial_bayou_pond_c, serial_bayou_ford_a, serial_bayou_pond_b
D:4:      layout_loops_ring, nicolae_tso_carved_into_rock, uniq_sigmund,
          uniq_edmund, uniq_ijyb, uniq_natasha

Skill      XL: |  1  2  3  4 |
---------------+-------------+-----
Shields        | 4 |  4.4
Fighting       | 4 |  4.6
Armour         | 4 |  4.5
Axes           | 3 4 |  4.1
Dodging        | |  0.2
Stealth        | |  0.3

Action                   |  1- 3 |  4- 6 || total
-------------------------+-------+-------++-------
Melee: War axe           |    46 |    42 ||    88
       Headbutt          |    10 |     4 ||    14
  Use: Scroll            |     3 |     3 ||     6
Armor: Scale mail        |    21 |    21 ||    42
Dodge: Dodged            |    24 |    36 ||    60
Block: Buckler           |    13 |    17 ||    30
